 Dungeon Crawl Stone Soup version 0.30-a0-778-g2ef04afb54 (webtiles) character file.

Game seed: 8306833976017872071

8925 Iich the Executioner (level 11, -3/157 HPs)
             Began as a Hill Orc Fighter on Feb 15, 2023.
             Was an Initiate of Gozag.
             Slain by a killer bee (6 damage)
             ... on level 1 of the Lair of Beasts.
             The game lasted 00:16:29 (11044 turns).

Iich the Executioner (Hill Orc Fighter)            Turns: 11044, Time: 00:16:29

Health: -3/157     AC: 23    Str: 20    XL:     11   Next: 38%
Magic:  11/11      EV:  7    Int:  8    God:    Gozag
Gold:   332        SH:  7    Dex: 20    Spells: 10/10 levels left

rFire   . . .      SeeInvis .    a - +0 war axe
rCold   + . .      Faith    .    Q - +2 buckler {AC+3}
rNeg    + . .      Spirit   .    F - +2 chain mail {rC+}
rPois   .          Reflect  .    z - +2 helmet
rElec   .          Harm     .    (no cloak)
rCorr   .          Rampage  .    P - +2 pair of gloves {Stlth+}
Will    .....                    H - +2 pair of boots {Fly} Stlth
                                 i - amulet of the acrobat
HPRegen 0.46/turn                C - +6 ring of dexterity
MPRegen 0.12/turn                O - ring of positive energy

@: berserking, lethally poisoned (-3 -> -10), gold aura, flying, very quick
A: no striking features
a: Renounce Religion, Potion Petition, Call Merchant, Bribe Branch


You were on level 1 of the Lair of Beasts.
You worshipped Gozag.
Gozag was aware of your devotion.
You visited 3 branches of the dungeon, and saw 12 of its levels.
You also visited: Sewer.

You collected 2141 gold pieces.
You spent 1132 gold pieces at shops.
You paid 677 gold pieces to Gozag.

Inventory:

Hand Weapons
 a - a +0 war axe (weapon)
Missiles
 I - 2 throwing nets (quivered)
Armour
 p - a +0 plate armour
 z - a +2 helmet (worn)
 F - a +2 chain mail of cold resistance (worn)
 H - a +2 pair of boots of flying (worn)
 P - a +2 pair of gloves of stealth (worn)
 Q - a +2 buckler of protection (worn)
Jewellery
 i - an amulet of the acrobat (around neck)
 t - a +6 ring of intelligence
 C - a +6 ring of dexterity (left hand)
 D - an amulet of magic regeneration
 L - a ring of protection from cold
 N - a +6 ring of intelligence
 O - a ring of positive energy (right hand)
Wands
 k - a wand of roots (2)
 s - a wand of charming (12)
 M - a wand of polymorph (8)
Scrolls
 f - 2 scrolls of fear
 l - a scroll of immolation
 m - 5 scrolls of teleportation
 o - 2 scrolls of enchant weapon
 r - a scroll of poison
 u - a scroll of magic mapping
 v - a scroll of torment {unknown}
 y - a scroll of summoning {unknown}
 E - 2 scrolls of blinking
 G - a scroll of noise
 K - a scroll of vulnerability
Potions
 b - 4 potions of flight
 c - a potion of haste
 d - 2 potions of might
 e - 2 potions of brilliance
 g - a potion of lignification
 h - 2 potions of magic
 j - a potion of invisibility {unknown}
 n - a potion of mutation {unknown}
 w - a potion of degeneration
 x - a potion of berserk rage
 A - a potion of ambrosia
 B - a potion of heal wounds {unknown}
 J - a potion of cancellation {unknown}


   Skills:
 + Level 12.5 Fighting
 * Level 21.3 Axes
 - Level 3.2 Armour
 - Level 3.2 Shields


You had 10 spell levels left.
You didn't know any spells.
Your spell library contained the following spells:

 Spells                   Type           Power      Damage    Failure   Level
 Apportation              Tloc           0%         N/A       99%         1
 Beastly Appendage        Tmut           0%         N/A       99%         1
 Blink                    Tloc           0%         N/A       100%        2
 Ensorcelled Hibernation  Hex/Ice        0%         N/A       100%        2
 Sublimation of Blood     Necr           0%         N/A       100%        2
 Wereblood                Tmut           0%         N/A       100%        2
 Ignite Poison            Fire/Tmut/Pois 0%         N/A       100%        3
 Spider Form              Tmut/Pois      0%         N/A       100%        3
 Anguish                  Hex/Necr       0%         N/A       100%        4
 Manifold Assault         Tloc           0%         N/A       100%        4
 Sticky Flame             Conj/Fire      0%         2d3       100%        4
 Alistair's Intoxication  Tmut/Pois      0%         N/A       100%        5
 Storm Form               Tmut/Air       0%         N/A       100%        7
 Summon Hydra             Summ           0%         N/A       100%        7
 Ignition                 Fire           0%         3d3       100%        8


Dungeon Overview and Level Annotations

Branches:
Dungeon (10/15)            Temple (1/1) D:4            Lair (1/5) D:8
    Orc (0/2) D:10          Sewer (visited)

Altars:
Ashenzari
Cheibriados
Dithmenos
Elyvilon
Fedhas
Gozag
Hepliaklqana
Kikubaaqudgha
Makhleb
Nemelex Xobeh
Okawaru
Qazlal
Ru
Sif Muna
Trog
Uskayaw
Vehumet
Wu Jian
Xom
Yredelemnul
Zin
The Shining One
Beogh

Shops:
D:5 :   D:7 ?   D:9 [


Message History

The killer bee stings you but does no damage.
You slice the killer bee!!
You kill the killer bee!
You miss the killer bee. You slash the killer bee!
You kill the killer bee!
You slash the killer bee! You slash the meliai! You miss the killer bee.
The killer bee stings you but does no damage.
The killer bee barely misses you. The killer bee stings you.
* * * LOW HITPOINT WARNING * * *
You are more poisoned.
The killer bee poisons you! The meliai hits you.
* * * LOW HITPOINT WARNING * * *
You block the meliai's attack.
You slice the killer bee!!
The killer bee is almost dead.
You miss the killer bee. x2; You closely miss the killer bee.
You miss the meliai.
You feel sick. The killer bee barely misses you. The killer bee stings you.
* * * LOW HITPOINT WARNING * * *
The killer bee stings you but does no damage.
The killer bee barely misses you. The meliai hits you but does no damage.
The meliai stings you but does no damage.
The killer bee barely misses you.
You closely miss the killer bee.
The killer bee is almost dead.
You slash the meliai! You barely miss the killer bee.
You slash the killer bee! x2
You kill the killer bee!
* * * LOW HITPOINT WARNING * * *
You feel sick. The killer bee stings you.
* * * LOW HITPOINT WARNING * * *
The killer bee stings you but does no damage. x2
You block the meliai's attack. The meliai barely misses you.
You barely miss the killer bee.
The killer bee is almost dead.
You closely miss the killer bee. You barely miss the meliai.
You slash the killer bee!
* * * LOW HITPOINT WARNING * * *
You feel sick. The killer bee stings you.
You die...
Your body crumbles into a pile of gold.

#!! #...P #.!
#...# #!††
#...# #!†.
#...# ...
#...#
#####.###...#
......y$$...#
......y@y...#
......$y$$.<#
.#####..$...#
#........#
##......##
#......P#
#.......##
##......# $
#......#


You could see a meliai and 3 killer bees.

Vanquished Creatures
  A two-headed ogre (D:9)
  A cyclops (D:8)
  A gargoyle (D:6)
  A troll (D:10)
  A shadow (D:10)
  A wraith (D:10)
  11 yaks
  2 wyverns
  A steam dragon (D:10)
  An acid dragon (D:9)
  A water moccasin (D:6)
  2 orc warriors (D:10)
  5 ice beasts
  A swamp drake (D:10)
  2 sky beasts
  2 centaurs
  4 ogres
  2 phantoms (D:6)
  3 kobold brigands
  6 scorpions
  4 bullfrogs
  4 wights (D:9)
  28 killer bees
  4 crimson imps (D:8)
  A jelly (D:6)
  8 orc priests
  3 hounds
  A gnoll bouda (D:6)
  4 iguanas
  6 orc wizards
  6 gnolls
  12 adders
  2 white imps
  3 worms
  3 dart slugs
  40 orcs
  15 ball pythons
  5 bats (D:1)
  14 endoplasms
  20 giant cockroaches
  9 goblins
  12 hobgoblins
  6 jackals
  26 kobolds
  13 quokkas
  5 frilled lizards
  3 rats
  A spectral goblin (D:10)
307 creatures vanquished.

Vanquished Creatures (others)
  A wizard (D:4)
1 creature vanquished.

Grand Total: 308 creatures vanquished

Notes
Turn   | Place    | Note
-------+----------+-------------------------------------------
     0 | D:1      | Iich the Hill Orc Fighter began the quest for the Orb.
     0 | D:1      | Reached XP level 1. HP: 19/19 MP: 1/1
    25 | D:1      | Reached skill level 3 in Axes
    42 | D:1      | Reached XP level 2. HP: 22/27 MP: 2/2
   281 | D:1      | Reached skill level 4 in Axes
   290 | D:1      | Reached XP level 3. HP: 33/33 MP: 3/3
   735 | D:2      | Identified the +1 ring mail "Koiluil" {-Cast +Blink rPois
                  | Str+5}
   933 | D:2      | Reached XP level 4. HP: 39/41 MP: 4/4
   948 | D:2      | Reached skill level 5 in Axes
  1270 | D:2      | Found a blossoming altar of Fedhas.
  1601 | D:3      | Found a shadowy altar of Dithmenos.
  1712 | D:3      | Reached XP level 5. HP: 47/47 MP: 5/5
  2070 | D:4      | Found a staircase to the Ecumenical Temple.
  2084 | Temple   | Entered the Ecumenical Temple
  2181 | D:4      | Reached skill level 6 in Axes
  2254 | D:4      | Reached skill level 5 in Fighting
  2323 | D:4      | Noticed an ogre
  2329 | D:4      | Killed an ogre
  2330 | D:4      | Reached skill level 7 in Axes
  2330 | D:4      | Reached XP level 6. HP: 56/56 MP: 6/6
  2353 | D:4      | Found a bloodstained altar of Trog.
  2355 | D:4      | Noticed a wizard
  2360 | D:4      | Killed a wizard
  2905 | D:4      | Reached skill level 8 in Axes
  2905 | D:4      | Reached XP level 7. HP: 58/63 MP: 7/7
  3107 | D:5      | Entered Level 5 of the Dungeon
  3107 | D:5      | Found an opulent altar of Gozag.
  3114 | D:5      | Became a worshipper of Gozag Ym Sagoz the Greedy
  3237 | D:5      | Found a sacrificial altar of Ru.
  3301 | D:5      | Reached skill level 9 in Axes
  3743 | D:5      | Reached skill level 10 in Axes
  3743 | D:5      | Reached XP level 8. HP: 58/73 MP: 8/8
  4249 | D:5      | Found Loenuoxzeth's Book Emporium.
  4375 | D:6      | Noticed a gargoyle
  4385 | D:6      | Killed a gargoyle
  4386 | D:6      | Reached skill level 11 in Axes
  4614 | D:6      | Reached skill level 12 in Axes
  4723 | D:6      | Found a glowing drain.
  4732 | Sewer    | Entered a sewer
  4853 | Sewer    | Reached XP level 9. HP: 82/82 MP: 9/9
  5595 | D:6      | Reached skill level 13 in Axes
  5715 | D:6      | Found an ornate altar of the Wu Jian Council.
  5715 | D:6      | Found a stormy altar of Qazlal.
  6121 | D:7      | Found an ancient bone altar of Kikubaaqudgha.
  6130 | D:7      | Found a shimmering blue altar of Sif Muna.
  6132 | D:7      | Found a radiant altar of Vehumet.
  6137 | D:7      | Got Sif Muna's Almanac of the Shapeshifter
  6220 | D:7      | Found Voadde's Magic Scroll Emporium.
  6243 | D:7      | Bought a scroll of acquirement for 728 gold pieces
  6243 | D:7      | Acquired a manual of Axes
  6442 | D:7      | Found a glowing silver altar of Zin.
  6473 | D:7      | Reached skill level 14 in Axes
  6509 | D:7      | Reached skill level 10 in Fighting
  6509 | D:7      | Reached skill level 15 in Axes
  6516 | D:7      | Reached XP level 10. HP: 59/93 MP: 10/10
  6639 | D:7      | Found a roughly hewn altar of Beogh.
  6857 | D:7      | Found an iron altar of Okawaru.
  7031 | D:7      | Reached skill level 16 in Axes
  7503 | D:8      | Noticed a cyclops
  7518 | D:8      | Killed a cyclops
  7519 | D:8      | Reached skill level 17 in Axes
  7716 | D:8      | Found a shimmering altar of Xom.
  8078 | D:8      | Found a staircase to the Lair.
  8101 | D:8      | Reached skill level 18 in Axes
  9172 | D:9      | Noticed a two-headed ogre
  9181 | D:9      | Killed a two-headed ogre
  9182 | D:9      | Reached skill level 19 in Axes
  9296 | D:9      | Reached XP level 11. HP: 78/104 MP: 11/11
  9301 | D:9      | Reached skill level 20 in Axes
 10063 | D:9      | Bought a pair of embroidered gloves for 202 gold pieces
 10063 | D:9      | Bought a shiny buckler for 202 gold pieces
 10091 | D:10     | Entered Level 10 of the Dungeon
 10223 | D:10     | Found a staircase to the Orcish Mines.
 10502 | D:10     | Found a hazy altar of Hepliaklqana.
 10669 | D:10     | Reached skill level 21 in Axes
 10673 | D:10     | Found a blossoming altar of Fedhas.
 10998 | Lair:1   | Entered Level 1 of the Lair of Beasts
 11043 | Lair:1   | HP: 5/157 [killer bee (6)]
 11044 | Lair:1   | Slain by a killer bee

Illustrated notes

Levels and vault maps discovered:
D:1:      roderic_crossed_star, layout_basic
D:2:      layout_loops_corners, basic_altar
D:3:      layout_rooms, mainiacjoe_overflow_24_doors, minmay_starry_boxes
D:4:      layout_loops_ring, trog_wizard, minmay_temple_entry_glass
D:5:      layout_loops_ring, hangedman_ru_absence,
          nicolae_gozag_cash_rules_everything_around_me, serial_shops,
          nicolae_shop_window_shopping, kennysheep_generic_room_7
D:6:      layout_loops_ring, gammafunk_temple_overflow_wave,
          serial_co_window_serial, co_window_corner_a,
          co_window_of_opportunity_a, co_window_of_opportunity_a,
          co_window_paths_b, co_window_corner_a, co_window_unsneaky_path_c,
          co_window_of_opportunity_b, co_window_corner_cb, co_window_broadway_c,
          co_window_of_opportunity_c, glass_columns_a, glass_columns_b,
          glass_columns_b, glass_columns_b, portal_sewer_entry_d,
          kennysheep_path_1
D:7:      layout_cave_pools, grunt_temple_overflow_magic_moments,
          kennysheep_little_box, okawaru_altar_gauntlet_db, serial_shops,
          shop_scrolls, david_defended_altar_orc
D:8:      nicolae_cairo_tiling, layout_basic, led_xom_imps,
          minmay_tree_intersection, small_chamber_with_monster,
          serial_bayou_pond_d
D:9:      layout_layer_cave
D:10:     layout_roguey, nicolae_hepliaklqana_monster_ancestors,
          mainiacjoe_overflow_alcove_2, erik_orc_1
Temple:   hellmonk_temple_micro_hex
Lair:1:   layout_cellular_growth, special_room [special_room_bee]

Skill      XL: |  1  2  3  4  5  6  7  8  9 10 11 |
---------------+----------------------------------+-----
Axes           | 3 4 5 7 8 10 12 15 19 21 | 21.3
Fighting       | 4 5 6 7 8 10 11 12 | 12.5
Armour         | |  3.2
Shields        | |  3.2

Action                     |  1- 3 |  4- 6 |  7- 9 | 10-12 || total
---------------------------+-------+-------+-------+-------++-------
  Melee: War axe           |   114 |   155 |   414 |   287 ||   970
 Invoke: Call Merchant     |       |       |       |     1 ||     1
  Evoke: Wand              |       |     5 |       |     1 ||     6
    Use: Scroll            |       |     6 |     2 |     6 ||    14
         Potion            |       |     1 |     3 |     5 ||     9
   Stab: Distracted        |       |       |     3 |     2 ||     5
         Confused          |       |       |       |     2 ||     2
 Armour: Scale mail        |    33 |       |       |       ||    33
         Ring mail         |     5 |    63 |    87 |       ||   155
         Chain mail        |       |       |    52 |   169 ||   221
  Dodge: Dodged            |    55 |    61 |   144 |   144 ||   404
  Block: Buckler           |    25 |    26 |    73 |    78 ||   202

Table legend: (Time is in decaauts)
 A = Elapsed time spent in this place.
 B = Non-inter-level travel time spent in this place.
 C = Inter-level travel time spent in this place.
 D = Time resting spent in this place.
 E = Time spent auto-exploring this place.
 F = Levels seen in this place.
 G = Mean time per level.
                   A        B        C        D        E       F      G
               +--------+--------+--------+--------+--------+-----+--------+
         Total |  11106 |  10750 |    356 |    376 |   8051 |  13 |  854.3 |
       Dungeon |  10527 |  10171 |    356 |    376 |   7757 |  10 | 1052.7 |
        Temple |     11 |     11 |      0 |      0 |      0 |   1 |   11.0 |
          Lair |     36 |     36 |      0 |      0 |      0 |   1 |   36.0 |
         Sewer |    531 |    531 |      0 |      0 |    294 |   1 |  531.0 |
               +--------+--------+--------+--------+--------+-----+--------+

Top non-repeatable levels by time:
     D:9: 1557 daAuts
     D:7: 1313 daAuts
     D:6: 1284 daAuts
     D:5: 1275 daAuts
     D:8: 1125 daAuts
     D:4: 1040 daAuts
     D:2: 888 daAuts
    D:10: 800 daAuts
     D:1: 721 daAuts
   Sewer: 531 daAuts
     D:3: 520 daAuts
  Lair:1: 36 daAuts
  Temple: 11 daAuts
